MLB
BALTIMORE ORIOLES @ HOUSTON ASTROS
06/09/2019
 
TOP OF THE 1ST
Baltimore Orioles batting - Pitching for Houston Astros : RHP Daniel Mengden
Pitching: RHP Daniel Mengden
Batting: SHB Asdrubal Cabrera 0-0: Called Strike
0-1: Called Strike
0-2: Ball
1-2: Ball
2-2: Ball
3-2: Base on Balls
Batting: RHB Albert Almora 0-0: Ball
1-0: Ball
2-0: Called Strike
2-1: Ball
3-1: Base on Balls
Asdrubal Cabrera to second
Batting: LHB Joey Votto 0-0: SINGLE (Flyball, 78S, EV 100.0 MPH)
Asdrubal Cabrera to third
Albert Almora to second
Batting: LHB Shohei Ohtani 0-0: Called Strike
0-1: Foul Ball, location: 2F
0-2: Ball
1-2: Foul Ball, location: 2F
1-2: DOUBLE (Line Drive, 78D, EV 110.0 MPH)
Asdrubal Cabrera scores
Albert Almora scores
Joey Votto to third
Batting: LHB Daniel Murphy 0-0: Called Strike
0-1: DOUBLE (Line Drive, 8LXD, EV 108.1 MPH)
Joey Votto scores
Shohei Ohtani scores
Batting: SHB Dexter Fowler 0-0: Swinging Strike
0-1: Ball
1-1: Called Strike
1-2: Strikes out swinging
Batting: LHB Nomar Mazara 0-0: Ball
1-0: Ball
2-0: Fly out, F9 (Line Drive, 89S, EV 96.3 MPH)
Batting: RHB Matt Duffy 0-0: Called Strike
0-1: DOUBLE (Flyball, 78D, EV 95.0 MPH)
Daniel Murphy scores
Pinch Runner at 2nd T.J. Rivera:
Batting: RHB A.J. Ellis 0-0: Ball
1-0: Swinging Strike
1-1: Foul Ball, location: 2F
1-2: Strikes out swinging
Top of the 1st over - 5 runs, 4 hits, 0 errors, 1 left on base; Baltimore 5 - Houston 0
BOTTOM OF THE 1ST
Houston Astros batting - Pitching for Baltimore Orioles : RHP R.J. Alaniz
Pitching: RHP R.J. Alaniz
Now at 3B: T.J. Rivera
Batting: LHB Colin Moran 0-0: Foul Ball, location: 2F
0-1: Fly out, F9 (Flyball, 9LM, EV 85.0 MPH)
Batting: LHB Bradley Zimmer 0-0: Ball
1-0: Called Strike
1-1: Ball
2-1: Foul Ball, location: 2F
2-2: Foul Ball, location: 2F
2-2: Strikes out looking
Batting: RHB Edwin Encarnacion 0-0: Ball
1-0: SINGLE (Line Drive, 78M, EV 109.4 MPH)
Batting: LHB Jason Heyward 0-0: Ball
1-0: Called Strike
Edwin Encarnacion steals 2nd base
1-1: Foul Ball, location: 2F
1-2: Ball
2-2: Foul Ball, location: 2F
2-2: Fly out, F7 (Flyball, 7, EV 90.0 MPH)
Bottom of the 1st over - 0 runs, 1 hit, 0 errors, 1 left on base; Baltimore 5 - Houston 0
TOP OF THE 2ND
Baltimore Orioles batting - Pitching for Houston Astros : RHP Daniel Mengden
Batting: SHB Asdrubal Cabrera 0-0: Called Strike
0-1: Ball
1-1: Foul Ball, location: 2F
1-2: Ball
2-2: Ball
3-2: Ground out 4-3 (Groundball, 4, EV 84.4 MPH)
Batting: RHB Albert Almora 0-0: Ball
1-0: Called Strike
1-1: Ground out 4-3 (Groundball, 4, EV 87.5 MPH)
Batting: LHB Joey Votto 0-0: Ball
1-0: Ball
2-0: Foul Ball, location: 2F
2-1: Foul Ball, location: 2F
2-2: Ball
3-2: Fly out, F8 (Line Drive, 8RM, EV 102.5 MPH)
Top of the 2nd over - 0 runs, 0 hits, 0 errors, 0 left on base; Baltimore 5 - Houston 0
BOTTOM OF THE 2ND
Houston Astros batting - Pitching for Baltimore Orioles : RHP R.J. Alaniz
Batting: SHB Ben Zobrist 0-0: Ball
1-0: Ball
2-0: Swinging Strike
2-1: Ball
3-1: Swinging Strike
3-2: Base on Balls
Batting: SHB Jorge Polanco 0-0: Called Strike
0-1: SINGLE (Line Drive, 78S, EV 90.0 MPH)
Ben Zobrist to second
Batting: RHB Jermaine Palacios 0-0: Ball
1-0: Ball
2-0: Foul Ball, location: 2F
2-1: Foul Ball, location: 2F
2-2: Foul Ball, location: 2F
2-2: Strikes out swinging
Batting: LHB Rougned Odor 0-0: Called Strike
0-1: TRIPLE (Flyball, 8LXD, EV 98.1 MPH)
Ben Zobrist scores
Jorge Polanco scores
Batting: SHB Tucker Barnhart 0-0: Called Strike
0-1: Ball
1-1: Called Strike
1-2: Ball
2-2: Strikes out swinging
Batting: LHB Colin Moran 0-0: Called Strike
0-1: Ball
1-1: Ball
2-1: Ball
3-1: Foul Ball, location: 2F
3-2: Base on Balls
Batting: LHB Bradley Zimmer 0-0: Swinging Strike
0-1: Ball
1-1: Swinging Strike
1-2: Ball
2-2: Foul Ball, location: 2F
2-2: Foul Ball, location: 2F
2-2: Ball
3-2: Foul Ball, location: 2F
3-2: Base on Balls
Colin Moran to second
Batting: RHB Edwin Encarnacion 0-0: Called Strike
0-1: Ball
1-1: Ball
2-1: Ball
3-1: Base on Balls
Rougned Odor scores
Colin Moran to third
Bradley Zimmer to second
Batting: LHB Jason Heyward 0-0: Called Strike
0-1: Swinging Strike
0-2: Strikes out looking
Bottom of the 2nd over - 3 runs, 2 hits, 0 errors, 3 left on base; Baltimore 5 - Houston 3
TOP OF THE 3RD
Baltimore Orioles batting - Pitching for Houston Astros : RHP Daniel Mengden
Batting: LHB Shohei Ohtani 0-0: Fly out, F8 (Flyball, 8RXD, EV 99.4 MPH)
Batting: LHB Daniel Murphy 0-0: Ball
1-0: SINGLE (Groundball, 5D, EV 102.5 MPH)
Batting: SHB Dexter Fowler 0-0: Called Strike
0-1: Foul Ball, location: 2F
0-2: Ball
1-2: Ball
2-2: Strikes out swinging
Batting: LHB Nomar Mazara 0-0: Ball
1-0: Ball
2-0: Ball
3-0: Called Strike
3-1: Foul Ball, location: 2F
3-2: Foul Ball, location: 2F
3-2: Base on Balls
Daniel Murphy to second
Pitching: RHP Jose A. Ramirez
Batting: RHB T.J. Rivera 0-0: Ball
1-0: Called Strike
1-1: Foul Ball, location: 2F
1-2: Hit by Pitch
Daniel Murphy to third
Nomar Mazara to second
Batting: RHB A.J. Ellis 0-0: Ball
1-0: Called Strike
1-1: Foul Ball, location: 2F
1-2: DOUBLE (Line Drive, 89D, EV 110.6 MPH)
Daniel Murphy scores
Nomar Mazara scores
T.J. Rivera to third
Runner from 3rd tries for Home, SAFE, throw by RF to trailing runner, SAFE at third!
Batting: SHB Asdrubal Cabrera 0-0: Called Strike
0-1: Ball
1-1: Fly out, F7 (Flyball, 7, EV 85.0 MPH)
Top of the 3rd over - 3 runs, 2 hits, 0 errors, 1 left on base; Baltimore 8 - Houston 3
BOTTOM OF THE 3RD
Houston Astros batting - Pitching for Baltimore Orioles : RHP R.J. Alaniz
Batting: SHB Ben Zobrist 0-0: Ball
1-0: Ball
2-0: Fly out, F4 (Popup, 34S, EV 80.6 MPH)
Batting: SHB Jorge Polanco 0-0: Ball
1-0: Called Strike
1-1: Foul Ball, location: 2F
1-2: SOLO HOME RUN (Flyball, 89XD, EV 101.3 MPH), Distance : 417 ft
Batting: RHB Jermaine Palacios 0-0: Ball
1-0: Called Strike
1-1: Swinging Strike
1-2: Ball
2-2: Fly out, F8 (Line Drive, 8LD, EV 96.3 MPH)
Batting: LHB Rougned Odor 0-0: Ball
1-0: Foul Ball, location: 2F
1-1: DOUBLE (Groundball, 3L, EV 105.6 MPH)
Batting: SHB Tucker Barnhart 0-0: Ball
1-0: Ball
2-0: Called Strike
2-1: SINGLE (Groundball, 6M, EV 80.6 MPH) (infield hit)
Rougned Odor to third
Batting: LHB Colin Moran 0-0: Swinging Strike
0-1: Fly out, F7 (Flyball, 7S, EV 88.8 MPH)
Bottom of the 3rd over - 1 run, 3 hits, 0 errors, 2 left on base; Baltimore 8 - Houston 4
TOP OF THE 4TH
Baltimore Orioles batting - Pitching for Houston Astros : RHP Jose A. Ramirez
Batting: RHB Albert Almora 0-0: Hit by Pitch
Batting: LHB Joey Votto 0-0: Called Strike
0-1: Ball
Wild Pitch!
Albert Almora to second
1-1: SINGLE (Line Drive, 56D, EV 100.6 MPH)
Albert Almora to third
Batting: LHB Shohei Ohtani 0-0: Ball
1-0: Foul Ball, location: 2F
1-1: Fielders Choice at 2nd, 5-4 (Groundball, 56S, EV 93.1 MPH)
Albert Almora scores
Batting: LHB Daniel Murphy 0-0: Foul Ball, location: 2F
0-1: Ball
1-1: Grounds into double play, 1-6-3 (Groundball, 13, EV 92.5 MPH)
Top of the 4th over - 1 run, 1 hit, 0 errors, 0 left on base; Baltimore 9 - Houston 4
BOTTOM OF THE 4TH
Houston Astros batting - Pitching for Baltimore Orioles : RHP R.J. Alaniz
Pitching: RHP Carlos Estevez
Batting: LHB Bradley Zimmer 0-0: Ball
1-0: Fly out, F7 (Flyball, 7, EV 91.3 MPH)
Batting: RHB Edwin Encarnacion 0-0: Ground out 6-3 (Groundball, 56, EV 91.9 MPH)
Batting: LHB Jason Heyward 0-0: Called Strike
0-1: Swinging Strike
0-2: Ball
1-2: Foul Ball, location: 2F
1-2: Strikes out swinging
Bottom of the 4th over - 0 runs, 0 hits, 0 errors, 0 left on base; Baltimore 9 - Houston 4
TOP OF THE 5TH
Baltimore Orioles batting - Pitching for Houston Astros : RHP Jose A. Ramirez
Pitching: LHP Jairo Labourt
Batting: SHB Dexter Fowler 0-0: Ball
1-0: Ball
2-0: Swinging Strike
2-1: Ball
3-1: Base on Balls
Batting: LHB Nomar Mazara 0-0: Ball
1-0: Swinging Strike
1-1: Foul Ball, location: 2F
1-2: Strikes out swinging
Batting: RHB T.J. Rivera 0-0: Ball
1-0: Grounds into double play, 6-4-3 (Groundball, 6, EV 82.5 MPH)
Top of the 5th over - 0 runs, 0 hits, 0 errors, 0 left on base; Baltimore 9 - Houston 4
BOTTOM OF THE 5TH
Houston Astros batting - Pitching for Baltimore Orioles : RHP Carlos Estevez
Batting: SHB Ben Zobrist 0-0: Fly out, F8 (Flyball, 8RD, EV 79.4 MPH)
Batting: SHB Jorge Polanco 0-0: SINGLE (Line Drive, 8RS, EV 98.8 MPH)
Batting: RHB Jermaine Palacios 0-0: Single, Error in OF, E9, batter to second base (Groundball, 34D, EV 107.5 MPH)
Jorge Polanco to third
Batting: LHB Rougned Odor 0-0: Foul Ball, location: 2F
0-1: Swinging Strike
0-2: Strikes out swinging
Batting: SHB Tucker Barnhart 0-0: Ball
1-0: Ball
2-0: Called Strike
2-1: Ball
3-1: Foul Ball, location: 2F
3-2: Strikes out swinging
Bottom of the 5th over - 0 runs, 2 hits, 1 error, 2 left on base; Baltimore 9 - Houston 4
TOP OF THE 6TH
Baltimore Orioles batting - Pitching for Houston Astros : LHP Jairo Labourt
Batting: RHB A.J. Ellis 0-0: Ball
1-0: Foul Ball, location: 2F
1-1: Ground out 6-3 (Groundball, 6, EV 82.5 MPH)
Batting: SHB Asdrubal Cabrera 0-0: SINGLE (Line Drive, 4MD, EV 105.6 MPH)
Batting: RHB Albert Almora 0-0: Ball
1-0: Foul Ball, location: 2F
1-1: Ball
2-1: SINGLE (Groundball, 4MD, EV 97.5 MPH)
Asdrubal Cabrera to second
Runner from 2nd tries for 3rd, SAFE, no throw by CF
Pitching: RHP Justin Lawrence
Batting: LHB Joey Votto 0-0: Ball
1-0: Ball
Wild Pitch!
Asdrubal Cabrera scores
Albert Almora to second
2-0: Swinging Strike
2-1: Foul Ball, location: 2F
2-2: Ball
3-2: Base on Balls
Batting: LHB Shohei Ohtani 0-0: Foul Ball, location: 2F
0-1: Foul Ball, location: 2F
0-2: Ball
1-2: Foul Ball, location: 2F
1-2: Strikes out looking
Batting: LHB Daniel Murphy 0-0: Ground out U3 (Groundball, 3S, EV 79.4 MPH)
Top of the 6th over - 1 run, 2 hits, 0 errors, 2 left on base; Baltimore 10 - Houston 4
BOTTOM OF THE 6TH
Houston Astros batting - Pitching for Baltimore Orioles : RHP Carlos Estevez
Batting: LHB Colin Moran 0-0: Called Strike
0-1: SINGLE (Groundball, 6MD, EV 97.5 MPH)
Batting: LHB Bradley Zimmer 0-0: Called Strike
0-1: Swinging Strike
0-2: SINGLE (Groundball, 34D, EV 106.3 MPH)
Colin Moran to second
Runner from 2nd tries for 3rd, SAFE, no throw by RF
Pitching: RHP James Norwood
Batting: RHB Edwin Encarnacion 0-0: Called Strike
0-1: SINGLE (Groundball, 56D, EV 93.8 MPH)
Colin Moran scores
Bradley Zimmer to second
Batting: LHB Jason Heyward 0-0: Ball
1-0: Ball
2-0: Called Strike
2-1: Foul Ball, location: 2F
2-2: Strikes out swinging
Batting: SHB Ben Zobrist 0-0: Ball
1-0: Called Strike
1-1: Ball
2-1: Called Strike
2-2: Ball
3-2: Base on Balls
Bradley Zimmer to third
Edwin Encarnacion to second
Pitching: RHP Tim Peterson
Batting: SHB Jorge Polanco 0-0: Foul Ball, location: 2F
0-1: Called Strike
0-2: Foul Ball, location: 2F
0-2: Ball
1-2: Ball
2-2: GRAND SLAM HOME RUN (Flyball, 9LD, EV 98.8 MPH), Distance : 342 ft
Batting: RHB Jermaine Palacios 0-0: Called Strike
0-1: Ground out U3 (Groundball, 34S, EV 73.1 MPH)
Batting: LHB Rougned Odor 0-0: Ball
1-0: Swinging Strike
1-1: Swinging Strike
1-2: Ball
2-2: Ball
3-2: Base on Balls
Batting: SHB Tucker Barnhart 0-0: Foul Ball, location: 2F
0-1: Called Strike
0-2: Ball
Rougned Odor is caught stealing 2nd base 2-6
Bottom of the 6th over - 5 runs, 4 hits, 0 errors, 0 left on base; Baltimore 10 - Houston 9
TOP OF THE 7TH
Baltimore Orioles batting - Pitching for Houston Astros : RHP Justin Lawrence
Batting: SHB Dexter Fowler 0-0: Swinging Strike
0-1: Called Strike
0-2: Strikes out swinging
Batting: LHB Nomar Mazara 0-0: Ball
1-0: Ball
2-0: Ball
3-0: Base on Balls
Pitching: RHP Domingo Acevedo
Batting: RHB T.J. Rivera 0-0: Called Strike
0-1: Ball
1-1: Foul Ball, location: 2F
1-2: Fly out, F7 (Flyball, 7LMF, EV 82.5 MPH)
Batting: RHB A.J. Ellis 0-0: Fly out, F8 (Flyball, 8RM, EV 78.1 MPH)
Top of the 7th over - 0 runs, 0 hits, 0 errors, 1 left on base; Baltimore 10 - Houston 9
BOTTOM OF THE 7TH
Houston Astros batting - Pitching for Baltimore Orioles : RHP Tim Peterson
Pitching: RHP Jimmie Sherfy
Batting: SHB Tucker Barnhart 0-0: Ball
1-0: Called Strike
1-1: Fly out, F8 (Line Drive, 8RD, EV 103.8 MPH)
Batting: LHB Colin Moran 0-0: Foul Ball, location: 2F
0-1: Called Strike
0-2: Foul Ball, location: 2F
0-2: Ball
1-2: Ball
2-2: SINGLE (Flyball, 8RS, EV 89.4 MPH)
Batting: LHB Bradley Zimmer Balk!
Colin Moran to second
0-0: Ball
1-0: Ball
2-0: Foul Ball, location: 2F
2-1: Foul Ball, location: 2F
2-2: Fly out, F7 (Flyball, 7LS, EV 84.4 MPH)
Batting: RHB Edwin Encarnacion 0-0: Called Strike
0-1: Called Strike
0-2: Strikes out swinging
Bottom of the 7th over - 0 runs, 1 hit, 0 errors, 1 left on base; Baltimore 10 - Houston 9
TOP OF THE 8TH
Baltimore Orioles batting - Pitching for Houston Astros : RHP Domingo Acevedo
Batting: SHB Asdrubal Cabrera 0-0: Called Strike
0-1: Foul Ball, location: 2F
0-2: Ground out 4-3 (Groundball, 4, EV 98.1 MPH)
Batting: RHB Albert Almora 0-0: Ball
1-0: Ground out 5-3 (Groundball, 5, EV 96.3 MPH)
Batting: LHB Joey Votto 0-0: Ball
1-0: Called Strike
1-1: Foul Ball, location: 2F
1-2: Foul Ball, location: 2F
1-2: Ball
2-2: Foul Ball, location: 2F
2-2: Foul Ball, location: 2F
2-2: Ball
3-2: Ground out 1-3 (Groundball, 34S, EV 87.5 MPH)
Top of the 8th over - 0 runs, 0 hits, 0 errors, 0 left on base; Baltimore 10 - Houston 9
BOTTOM OF THE 8TH
Houston Astros batting - Pitching for Baltimore Orioles : RHP Jimmie Sherfy
Pitching: LHP Justin Wilson
Batting: LHB Jason Heyward 0-0: Ball
1-0: Ball
2-0: DOUBLE (Groundball, 5L, EV 106.9 MPH)
Batting: SHB Ben Zobrist 0-0: Swinging Strike
0-1: Foul Ball, location: 2F
0-2: Ball
1-2: Ball
2-2: Ball
3-2: Foul Ball, location: 2F
3-2: Ground out 3-1 (Groundball, 34, EV 86.9 MPH)
Jason Heyward to third
Pitching: RHP Brandon Morrow
Batting: SHB Jorge Polanco 0-0: Foul Ball, location: 2F
0-1: Ball
1-1: Foul Ball, location: 2F
1-2: Ball
2-2: Strikes out swinging
Batting: RHB Jermaine Palacios 0-0: Fly out, F8 (Line Drive, 8RM, EV 93.8 MPH)
Bottom of the 8th over - 0 runs, 1 hit, 0 errors, 1 left on base; Baltimore 10 - Houston 9
TOP OF THE 9TH
Baltimore Orioles batting - Pitching for Houston Astros : RHP Domingo Acevedo
Pitching: LHP Chris Rusin
Batting: LHB Shohei Ohtani 0-0: DOUBLE (Line Drive, 7LM, EV 111.3 MPH)
Batting: LHB Daniel Murphy 0-0: 2-RUN HOME RUN (Flyball, 7LD, EV 86.9 MPH), Distance : 339 ft
Batting: SHB Dexter Fowler 0-0: Ball
1-0: Ground out 6-3 (Groundball, 6, EV 76.3 MPH)
Batting: LHB Nomar Mazara 0-0: Foul Ball, location: 2F
0-1: Ball
1-1: SINGLE (Groundball, 4MD, EV 95.6 MPH)
Batting: RHB T.J. Rivera 0-0: Fly out, F8 (Line Drive, 8RD, EV 109.4 MPH)
Batting: RHB A.J. Ellis 0-0: Foul Ball, location: 2F
0-1: Ball
1-1: Ball
2-1: Foul Ball, location: 2F
2-2: Ball
3-2: Ground out 4-3 (Groundball, 4M, EV 108.1 MPH)
Top of the 9th over - 2 runs, 3 hits, 0 errors, 1 left on base; Baltimore 12 - Houston 9
BOTTOM OF THE 9TH
Houston Astros batting - Pitching for Baltimore Orioles : RHP Brandon Morrow
Pitching: RHP Pedro Strop
Now at 2B: Daniel Castro
Batting: LHB Rougned Odor 0-0: Called Strike
0-1: Ball
1-1: Ball
2-1: Ball
3-1: Base on Balls
Batting: SHB Tucker Barnhart 0-0: Ball
1-0: Foul Ball, location: 2F
1-1: Ball
2-1: Ball
3-1: SINGLE (Groundball, 4MD, EV 106.9 MPH)
Rougned Odor to second
Batting: LHB Colin Moran 0-0: Ball
1-0: Swinging Strike
1-1: Ball
2-1: Called Strike
2-2: Ball
3-2: Foul Ball, location: 2F
3-2: Strikes out swinging
Batting: LHB Bradley Zimmer 0-0: Grounds into double play, 6-4-3 (Groundball, 6, EV 83.8 MPH)
Bottom of the 9th over - 0 runs, 1 hit, 0 errors, 1 left on base; Baltimore 12 - Houston 9
Wednesday, September 11th, 2019 - OOTP Baseball 20.6 Build 54